 Dungeon Crawl Stone Soup version 0.32-a0-705-g60f233581c (webtiles) character file.

Game seed: 12454875368312421706

55 cforsyth the Chopper (level 3, -5/33 HPs)
             Began as a Mountain Dwarf Cinder Acolyte on Mar 14, 2024.
             Was a High Priest of Ignis.
             Succumbed to an orc's poison
             ... on level 3 of the Dungeon.
             The game lasted 00:02:59 (1682 turns).

cforsyth the Chopper (MDCA)                         Turns: 1682, Time: 00:02:59

Health: -5/33      AC:  6    Str: 15 (16) XL:     3   Next: 67%
Magic:  5/5        EV:  8    Int: 13 (16) God:    Ignis [*****.]
Gold:   36         SH:  0    Dex:  3 (5)  Spells: 5/5 levels left

rFire   + . .        a - -1 hand axe (flame)
rCold   . . .        (no shield)
rNeg    . . .        k - +0 scale mail
rPois   .            (no helmet)
rElec   .            (no cloak)
rCorr   .            (no gloves)
SInv    .            (no boots)
Will    .....        (no amulet) Stlth
                     (no ring)
HPRegen 0.25/turn    (no ring)
MPRegen 0.09/turn

%: no passive effects
@: lethally poisoned (-5 -> -33)
A: runic magic, artefact enchanting
a: Renounce Religion, Fiery Armour, Foxfire Swarm, Rising Flame


You were on level 3 of the Dungeon.
You worshipped Ignis.
Ignis was extremely pleased with you.
You visited 1 branch of the dungeon, and saw 3 of its levels.

You collected 36 gold pieces.


Innate Abilities, Weirdness & Mutations

Your spellcasting is much less encumbered by armour.
You can use scrolls of enchantment on lesser artefacts.


   Skills:
 + Level 3.7 Fighting
 + Level 4.1 Axes
 + Level 1.4 Armour
 + Level 1.5 Spellcasting
 + Level 4.1 Fire Magic


You had 5 spell levels left.
You didn't know any spells.
Your spell library contained the following spells:

 Spells                   Type           Power      Damage    Failure   Level
 Scorch                   Fire           22%        2d5       11%         2

Inventory:

Hand Weapons
 a - a -1 hand axe of flaming (weapon)
Armour
 b - a +0 robe
 k - a +0 scale mail (worn)
Scrolls
 e - a scroll of noise {unknown}
 f - 2 scrolls of enchant armour {unknown}
 g - a scroll of blinking {unknown}
 h - a scroll of fog {unknown}
 i - 2 scrolls of identify {unknown}
 j - a scroll of teleportation {unknown}
Potions
 c - 2 potions of degeneration
 d - 2 potions of heal wounds {unknown}
 l - a potion of brilliance {unknown}

Dungeon Overview and Level Annotations

Branches:
Dungeon (3/15)

Altars:

Annotations:
D:2 Robin

# #.# #.#.# #.# ##..
#.#.# #.# #.#.# #.#.#
#..(.... #.#.# #.#.#.#
#.#.# #..... #.#.#
#.#>#.#.#
#.#.############.o......
................@#
##################


You could see an orc.


Message History

The orc hits you but does no damage.
You are more poisoned.
You hit the orc but do no damage.
You feel very sick. The orc barely misses you.
Unknown command.
You completely miss the orc.
* * * LOW HITPOINT WARNING * * *
You feel very sick.
The orc hits you with a +1 hand axe of venom.
* * * LOW HITPOINT WARNING * * *
You are lethally poisoned!
You barely miss the orc.
* * * LOW HITPOINT WARNING * * *
You feel very sick. The orc completely misses you.
Unknown command.
You barely miss the orc.
* * * LOW HITPOINT WARNING * * *
You feel very sick.
The orc hits you with a +1 hand axe of venom.
* * * LOW HITPOINT WARNING * * *
You are more poisoned.
The orc closely misses you.
Unknown command.
It was a potion of degeneration.
There was something very wrong with that liquid.
You feel weakened.
You feel dopey.
You feel clumsy.
You die...
Ignis goes out, and joins you in death.

Skill      XL: |  1  2 |
---------------+-------+-----
Armour         | 1 |  1.4
Axes           | 4 |  4.1
Fire Magic     | 4 |  4.1
Fighting       | |  3.7
Spellcasting   | |  1.5

Action                     || total
---------------------------++-------
  Melee: Hand axe          ||   155
    Use: Potion            ||     1
 Armour: Robe              ||    76
         Scale mail        ||    20
  Dodge: Dodged            ||    53

Levels and vault maps discovered:
D:1:      roderic_crop_circles_arrival_small, layout_rooms, serial_corexii_hall,
          corexii_hall_statues_u, corexii_hall_statues_s,
          corexii_hall_statues_u, corexii_hall_statues_t, minmay_3d_cube
D:2:      layout_basic, basic_altar, uniq_terence, uniq_robin
D:3:      minmay_inner_zag, layout_basic, mainiacjoe_overflow_small_starburst,
          chequers_ecumenical_altar_simple_redux, serial_shops,
          nicolae_shop_back_alley_shop, st_stairs_8, minmay_goblin_outpost

Notes
Turn   | Place    | Note
-------+----------+-------------------------------------------
     0 | D:1      | cforsyth the Mountain Dwarf Cinder Acolyte began the quest
                  | for the Orb.
     0 | D:1      | Reached XP level 1. HP: 19/19 MP: 2/2
   265 | D:1      | Reached XP level 2. HP: 21/26 MP: 3/3
   606 | D:1      | Reached skill level 1 in Armour
   997 | D:1      | Reached skill level 4 in Axes
   997 | D:1      | Reached skill level 4 in Fire Magic
   997 | D:1      | Reached XP level 3. HP: 12/31 MP: 3/5
  1171 | D:2      | Noticed Robin
  1681 | D:3      | HP: 3/33 [poisoned by an orc]
  1681 | D:3      | HP: 1/33 [orc/+1 hand axe of venom (2)]
  1682 | D:3      | Succumbed to an orc's poison

Vanquished Creatures
  2 adders
  A dart slug (D:2)
  A bat (D:2)
  2 endoplasms (D:1)
  A giant cockroach (D:1)
  6 goblins (D:1)
  2 hobgoblins (D:1)
  2 jackals (D:2)
  6 kobolds
  2 quokkas
  2 ball pythons (D:1)
  3 frilled lizards
  3 rats (D:1)
33 creatures vanquished.

Table legend: (Time is in decaauts)
 A = Elapsed time spent in this place.
 B = Non-inter-level travel time spent in this place.
 C = Inter-level travel time spent in this place.
 D = Time resting spent in this place.
 E = Time spent auto-exploring this place.
 F = Levels seen in this place.
 G = Mean time per level.
                   A        B        C        D        E       F      G
               +--------+--------+--------+--------+--------+-----+--------+
         Total |   1701 |   1595 |    106 |    197 |    981 |   3 |  567.0 |
       Dungeon |   1701 |   1595 |    106 |    197 |    981 |   3 |  567.0 |
               +--------+--------+--------+--------+--------+-----+--------+

Top non-repeatable levels by time:
     D:1: 1347 daAuts
     D:2: 266 daAuts
     D:3: 87 daAuts

Table legend:
 A = Non-vault XP
 B = Vault XP
 C = Vault XP percentage of total XP
 D = Non-vault monster count
 E = Vault monster count
 F = Vault count percentage of total count
                 A         B        C        D         E       F
            +---------+---------+-------+---------+---------+-------
      Total |      59 |      20 |  25.3 |      27 |       6 |  18.2
            +---------+---------+-------+---------+---------+-------
        D:1 |      42 |       7 |  14.3 |      18 |       5 |  21.7
        D:2 |      17 |       0 |   0.0 |       9 |       0 |   0.0
        D:3 |       0 |      13 | 100.0 |       0 |       1 | 100.0
            +---------+---------+-------+---------+---------+-------
